Cogmind - Beta 16 @@@ ROGUE MODE // 2025.11.25 @ 13:13:05 Player: Mozco Result: Destroyed self with Grenade Launcher Performance ------------- Evolutions (0) 0 Regions Visited (1) 200 Robots Destroyed (30) 150 Value Destroyed (901) 901 Prototype IDs (3) 60 Alien Tech Used (0) 0 Bonus (16) 16 TOTAL SCORE: 1327 Bonus ------- High Alert Combat Kills 16 Cogmind --------- Core Integrity 0/250 Matter 233/300 Energy 250/250 System Corruption 4% Temperature Cool (6) Movement Treading (240) Ox1 Location -10/Materials Parts ------- > --- POWER (1) -------- Ion Engine > --- PROPULSION (2) --- Light Treads > --- UTILITY (2) ------ Large Storage Unit > --- WEAPON (2) ------- Grenade Launcher > --- INVENTORY (15) --- Ion Engine Light Ion Engine Light Nuclear Core Improved Heat Sink Small Storage Unit High-capacity Matter Pod (32) Structural Scanner Small Laser Assault Rifle Light Assault Rifle Grenade Launcher Peak State ------------ > --- POWER ------------ Ion Engine > --- PROPULSION ------- Light Treads Light Treads > --- UTILITY ---------- Small Storage Unit Large Storage Unit > --- WEAPON ----------- Assault Rifle Grenade Launcher > --- INVENTORY -------- Ion Engine Light Nuclear Core Structural Scanner Light Assault Rifle Grenade Launcher Grenade Launcher [Rating: 7] Favorites ----------- Power Ion Engine Engine Ion Engine Propulsion Light Treads Treads Light Treads Utility Large Storage Unit Storage Large Storage Unit Protection Weapon Shielding Weapon Assault Rifle Energy Gun Small Laser Ballistic Gun Assault Rifle Launcher Grenade Launcher Build | -11 -10 ------- Run | Yrd Mat Slots Evolved . | . . Power . | . . Propulsion . | . . Utility . | . . Weapon . | . . Parts Attached 18 | 6 12 Power 3 | 1 2 Engine 3 | 1 2 Core . | . . Reactor . | . . Propulsion 3 | 2 1 Treads 3 | 2 1 Leg . | . . Wheel . | . . Hover . | . . Flight . | . . Utility 3 | 1 2 Device . | . . Storage 2 | 1 1 Processor . | . . Hackware . | . . Protection 1 | . 1 Artifact . | . . Weapon 9 | 2 7 Energy Gun 2 | 1 1 Energy Cannon . | . . Ballistic Gun 4 | 1 3 Ballistic Cannon . | . . Launcher 3 | . 3 Special Weapon . | . . Impact Weapon . | . . Slashing Weapon . | . . Piercing Weapon . | . . Special Melee Weapon . | . . Unidentified Prototypes . | . . Parts Lost 8 | . 8 Power 1 | . 1 Propulsion 2 | . 2 Utility 1 | . 1 Weapon 4 | . 4 Highest Loss Streak 3 | . 3 To Critical Strikes . | . . Average Backups 6 | . 7 Power 1 | . 1 Propulsion . | . . Utility 1 | . 2 Weapon 2 | . 3 Tool/Special . | . . Unused Backups 4 | . 4 Power 2 | . 2 Propulsion . | . . Utility 2 | . 2 Weapon . | . . Tool/Special . | . . Average Slot Usage (%) 78 | . 78 Engine 12 | . 12 Treads 15 | . 15 Storage 16 | . 16 Protection 7 | . 7 Energy Gun 7 | . 7 Ballistic Gun 14 | . 14 Launcher 3 | . 3 Peak Build Rating 7 | 6 7 Average Rating 5 | 4 6 On Entrance 3 | . 6 Avg Prop Armor Cover (%) . | . . Naked Turns . | . . Heaviest Build 35 | 14 35 Greatest Support 40 | 40 40 Greatest Overweight (x) 9 | . 9 Average Overweight (x) 1 | . 1 Largest Inventory Capacity 15 | 8 15 Average Capacity 12 | 6 12 Most Carried 11 | 2 11 Average Carried 6 | . 7 Final Capacity 15 | 8 15 Final Carried 11 | 2 11 Class Distribution -------------------- 100% | Mutant Dominant Class ---------------- Mutant | -10/Materials Resources | -11 -10 ----------- Run | Yrd Mat Matter Collected 680 | 196 484 Remotely . | . . Salvage Created 862 | . 862 Parts 55 | . 55 Haulers Intercepted 1 | . 1 Recyclers Shooed 1 | . 1 Parts Field Recycled . | . . Retrieved Matter . | . . Parts Self-Destructed . | . . Prevented . | . . Parts Restored . | . . Kills | -11 -10 ------- Run | Yrd Mat Combat Hostiles Destroyed 27 | . 27 Guns 11 | . 11 AOE 16 | . 16 Classes Destroyed 5 | . 5 Worker 1 | . 1 Hauler 1 | . 1 Watcher 1 | . 1 Swarmer 3 | . 3 Grunt 24 | . 24 Best Kill Streak 4 | . 4 Combat Bots Only 3 | . 3 Max Kills in Single Turn 2 | . 2 Gunslinging . | . . Exploded 2 | . 2 Melee . | . . Uniques/NPCs Destroyed . | . . Combat | -11 -10 -------- Run | Yrd Mat Hostile Shots Fired 112 | . 112 Missed 30 | . 30 Hits 82 | . 82 Projectile 82 | . 82 Critical Strikes 1 | . 1 Damage Taken 1172 | 22 1150 Core 260 | 22 238 Absorbed by Shields . | . . Redirected to Shielding 56 | . 56 Core Remaining (%) 91 | 91 . Volleys Fired 76 | 3 73 Largest 2 | 2 2 Hottest 60 | 60 60 Shots Fired 126 | 6 120 Gun 103 | 6 97 Cannon . | . . Launcher 23 | . 23 Special . | . . Kinetic 79 | 3 76 Thermal 16 | . 16 Explosive 23 | . 23 Electromagnetic 8 | 3 5 Robot Hit Streak 15 | 1 15 Robot Miss Streak 6 | 1 6 Penetration Max . | . . Secondary Targets 2 | . 2 Max Gunslinging Chain 1 | . 1 Shots Hit Robots 85 | 3 82 Core Hits 56 | . 56 Critical Kills . | . . Critical Parts Destroyed . | . . Critical Strikes . | . . Melee Attacks . | . . Impact . | . . Slashing . | . . Piercing . | . . Sneak Attacks . | . . Combat Hostiles . | . . Follow-up Attacks . | . . Damage Inflicted 2060 | 65 1995 Guns 727 | 40 687 Cannons . | . . Explosions 1322 | 25 1297 Melee . | . . Ramming 11 | . 11 Kinetic 532 | . 532 Thermal 168 | 25 143 Explosive 1297 | . 1297 Electromagnetic 52 | 40 12 Impact . | . . Slashing . | . . Piercing . | . . Highest Corruption 4 | . 4 Average Corruption 3 | . 3 Corruption Purged . | . . Corruption Blocked . | . . Effects 3 | . 3 Message Errors 1 | . 1 Energy Discharges 1 | . 1 Misfires 1 | . 1 Overload Shots . | . . Overflow Damage 32 | . 32 Projectiles . | . . Explosions 32 | . 32 Melee . | . . Knockbacks . | . . Impact . | . . Kinetic . | . . Secondary . | . . Self-Inflicted Damage 223 | 22 201 Shots 13 | 1 12 Rammed 3 | . 3 Targets Rammed 3 | . 3 Kicked . | . . Crushed . | . . Highest Temperature 63 | 12 63 Average Temperature 23 | 12 23 Received Heat Transfer 522 | . 522 Siege Activations . | . . Martial Activations . | . . Shielding Activations . | . . Robots Disrupted . | . . Combat Hostiles . | . . Robots Corrupted . | . . Combat Hostiles . | . . Parts Fried . | . . Impact Corruptions . | . . Robots Melted . | . . Combat Hostiles . | . . Parts Melted . | . . Heat Transferred 375 | 50 325 Parts Sabotaged . | . . Parts Stolen . | . . Parts Stripped . | . . Power Chain Reactions 1 | 1 . Alert | -11 -10 ------- Run | Yrd Mat Maximum Alert Level 2 | . 2 Low Security (%) 36 | 100 32 Level 1 60 | . 65 Level 2 2 | . 2 Level 3 . | . . Level 4 . | . . Level 5 . | . . High Security . | . . Max Security . | . . Peak Influence 415 | . 415 Initial . | . . Average 220 | . 236 Influence Increases 867 | . 867 Destroy 0b10 Robot/C 540 | . 540 Destroy 0b10 Robot/NC 25 | . 25 Destroy Leader 94 | . 94 Successful Hack 22 | . 22 Select Force Hacks 60 | . 60 Disable Machine 15 | . 15 Destroy Structure 111 | . 111 Influence Decreases 514 | . 514 Time Decay 444 | . 444 Lost Part 70 | . 70 Squads Dispatched 6 | . 6 Investigation 6 | . 6 Extermination . | . . Reinforcement . | . . Assault . | . . Garrison . | . . Intercept . | . . Searches Triggered . | . . Construction Impeded . | . . Haulers Reinforced . | . . Active Scanning Responses . | . . Cargo Convoy Interrupts . | . . Stealth | -11 -10 --------- Run | Yrd Mat Distress Signals 3 | . 3 Communications Jammed . | . . Distress Signals . | . . Times Spotted 36 | . 36 Peak Tracking Total 7 | . 7 Tactical Retreats . | . . Traps | -11 -10 ------- Run | Yrd Mat Traps Triggered 4 | . 4 Indirectly . | . . Trap Hack Attempts . | . . Triggered . | . . Disarmed . | . . Reprogrammed . | . . Reused . | . . Traps Extracted . | . . Installed . | . . Triggered . | . . Machines | -11 -10 ---------- Run | Yrd Mat Machines Disabled 1 | . 1 Max in Single Turn 1 | . 1 Machines Repaired . | . . Machines Dismantled . | . . Machines Sabotaged . | . . Overloaded Fab Kills . | . . Hacking | -11 -10 --------- Run | Yrd Mat Machines Accessed 9 | . 9 Terminals 7 | . 7 Fabricators . | . . Repair Stations . | . . Recycling Units 2 | . 2 Scanalyzers . | . . Garrison Access . | . . Total Hacks 23 | . 23 Successful 7 | . 7 Failed 15 | . 15 Catastrophic 3 | . 3 Database Lockouts 1 | . 1 Manual 16 | . 16 Terminals 21 | . 21 Fabricators . | . . Repair Stations . | . . Recycling Units 2 | . 2 Scanalyzers . | . . Garrison Access . | . . Terminal Hacks 3 | . 3 Robot Analysis 1 | . 1 Prototype ID Bank 2 | . 2 Fabricator Hacks . | . . Repair Station Hacks . | . . Recycling Unit Hacks . | . . Scanalyzer . | . . Garrison Access Hacks . | . . Unauthorized Hacks 4 | . 4 Terminals 2 | . 2 Botnet 2 | . 2 Fabricators . | . . Repair Stations . | . . Recycling Units 2 | . 2 Tunnel 2 | . 2 Scanalyzers . | . . Garrison Access . | . . Data Cores Recovered . | . . Used . | . . Hacking Detections 7 | . 7 Full Trace Events 5 | . 5 Feedback Events . | . . Feedback Blocked . | . . Robot Schematics Acquired . | . . Robots Built . | . . Authchips . | . . Time . | . . Total Robot Build Rating . | . . Part Schematics Acquired . | . . Parts Built . | . . Authchips . | . . Time . | . . Total Part Build Rating . | . . Part Studies Acquired . | . . Parts Repaired . | . . Time . | . . Parts Recycled . | . . Recycled Matter . | . . Retrieved Matter . | . . Retrieved Components . | . . Parts Scanalyzed . | . . Part Schematics Acquired . | . . Parts Damaged . | . . Bothacking | -11 -10 ------------ Run | Yrd Mat Used RIF Installer . | . . Robots Hacked . | . . Non-combat . | . . Combat . | . . Robot Hacks Applied . | . . Relay Couplers Released . | . . Fabnet Peak Effective % . | . . Robots Rewired . | . . Allies Hacked . | . . Hacks Repelled . | . . Allies | -11 -10 -------- Run | Yrd Mat Total Allies . | . . Largest Group . | . . Highest-Rated Group . | . . Highest-Rated Ally . | . . Total Orders . | . . Ally Attacks . | . . Total Damage . | . . Kills . | . . Allies Corrupted . | . . Allies Melted . | . . Intel | -11 -10 ------- Run | Yrd Mat Active Infowar (turns) . | . . Robot Analysis Total 1 | . 1 Derelict Logs Recovered . | . . Drone Launches . | . . Drone Recoveries . | . . Exploration | -11 -10 ------------- Run | Yrd Mat Turns Passed 1571 | 109 1462 Spaces Moved 580 | 58 522 Core 112 | 2 110 Treads 468 | 56 412 Legs . | . . Wheels . | . . Hover . | . . Flight . | . . Fastest Speed 50 | 50 160 Average Speed 229 | 156 238 Slowest Speed 500 | 160 500 Overloaded Moves . | . . Propulsion Burnouts . | . . Robots Hopped . | . . Potential Cave-ins . | . . Cave-ins Triggered . | . . Exploration Rate (%) 48 | 3 94 Regions Visited 1 Branch Regions . Pre-discovered Areas 2 | . 2 Known Exits Taken . | . . Unknown Exits Taken 1 | 1 . Scrap Searched . | . . Spaces Dug 12 | . 12 Terrain Destroyed 121 | . 121 Melee . | . . Projectile . | . . AOE 121 | . 121 Terrain Rammed . | . . Walls Destroyed . | . . Machines Disabled . | . . Actions | -11 -10 --------- Run | Yrd Mat Total 693 | 68 625 Wait 3 | . 3 Move 579 | 57 522 Hop . | . . Pick Up 12 | 2 10 Fast Attach 9 | 6 3 Attach 3 | . 3 Detach . | . . Swap 8 | . 8 Drop . | . . Fire 76 | 3 73 Melee . | . . Ram . | . . Kick . | . . Crush 3 | . 3 Escape Stasis . | . . Rewire . | . . Trap . | . . Miscellaneous . | . . Route ------- -11/Scrapyard -10/Materials (discovered 5 exits: [*Mat x3] / [*Min] / [*Sub]) History --------- Turn | Location | Event 13 | -11/Scrapyard | Discovered new exit (range 14) 110 | -11/Scrapyard | Entered Materials 293 | -10/Materials | Discovered new exit (range 16) 312 | -10/Materials | Build established: Mutant 448 | -10/Materials | Discovered new exit (range 11) 655 | -10/Materials | Discovered new exit (range 15) 684 | -10/Materials | Central database locked down 832 | -10/Materials | Core integrity fell below 50% 889 | -10/Materials | Lost 3 parts (2n1w) 1162 | -10/Materials | Discovered new exit (range 11) 1495 | -10/Materials | Core integrity fell below 20% 1531 | -10/Materials | Discovered new exit (range 16) 1572 | -10/Materials | Destroyed self with Grenade Launcher Last Messages --------------- 01520_ U-05 Engineer builds a Wall. 01525_ U-05 Engineer lays Concrete. 01527_ U-05 Engineer builds a Wall. 01529_ U-05 Engineer lays Concrete. 01531_ EXIT=FOUND 01532_ U-05 Engineer lays Concrete. 01534_ U-05 Engineer builds a Door. 01535_ U-05 Engineer lays Concrete. 01541_ U-05 Engineer builds a Wall. 01541_ U-05 Engineer lays Concrete. 01555_ U-05 Engineer builds a Wall. 01564_ U-05 Engineer lays Concrete. 01566_ %AI7,GFW&WOCH Q|TXSUA 01567_ Connecting with Terminal... 01567_ ALERT: Suspicious activity at Terminal M005. Dispatching Investigation squad. 01569_ Weapon Shielding destroyed. 01569_ Grenade Launcher destroyed. 01569_ Destroyed Grenade Launcher. 01572_ G-34 Mercenary destroyed. Map ----- +----------------------------------------------------+ | | | | | | | | | | | | | | | | | | | | | | | | | | | | | ???????????????????###????????#############????? | | ??????????????????? ???????? ????? | | ???????????????????? ???#???# """ """ """ #???? | | ??????????????????#? ? #???# """ """ """ #???? | | ??????????????????#[[ ? #???# """ """ """ #???? | | ??????????????????#[? ? #???# #???? | | ??????????????????? ?!##??# #???? | | ??????????????????## # # ##########+########### | | ??????????????????# % # | | ??????????????????# < g + | | ??????????????????# g *[ = # | | ??????????????????## "@"###########/######+#### | | ???????????????????## "T"#?????# =*= # ?? | | ????????????????????##"""#?????# [# ""?? | | ?????????????????????#####?????# % " # T"#? | | ???????????????????????????????# " "" # ""#? | | ???????????????????????????????# """"" # #? | | ???????????????????????????????# """"" # #? | | ???????????????????????????????# """ # #? | | ???????????????????????????????# # ## | | ???????????????????????????????######+####? ## | | ???????????????????????????????????# ######+## | | ???????????????????????????????????# | | ???????????????????????????????????# ######### | | ??????????????????????????????????###+########## | | ?????####????###??????????????????# # ## | | ?????# ! ??? #??????????????????# # + | | ?????# #??????????????????# """ # ## | | ###### """ #??????????????????# """ # ## | | # # """"" #??????????????????# """ # ## | | # # """"" #??????????????????# # ## | | # # """"" #??????????????????######## ## | | # "" # """ #?????????????????????????# ## | | # "" # #???????#######???######### ?# | | # T" #+###+############# ##### ##+#### | | # "" + | +----------------------------------------------------+ Best States ------------- Heat Dissipation 25 Energy Generation 10 Energy Capacity 250 Matter Stores 300 Matter Capacity 300 Sight Range 16 Terrain Scan Density 10 Weapon Shielding 33 Evasion (%) 40 Recoil Reduction 2 Item Schematics ----------------- None Robot Schematics ------------------ None Fabricated ------------ Nothing Repaired ---------- Nothing Studied --------- None Alien Tech Used ----------------- None Achievements -------------- None Challenges ------------ None Game ------ Seed MachineRefineryObliterator Manual? 0 Play Time 00:09:30 Cumulative 333.5 hours Start 2025.11.25 @ 12:59:14 End 2025.11.25 @ 13:13:05 Sessions 1 Manual Loads 0 Difficulty Rogue Special Mode None Game No. 350 Rogue 346 Adventurer 3 Explorer 1 Win Type - Total 2 Types 2/0/0/0/0/0/0/0/0/0 Lore% 82 Gallery% 78 Achievement% 63 Wizard Run 0 Options --------- Layout 0 ASCII 0 Keyboard 0 Movement Numpad Keybinds 0 Fullscreen 2 Font 18/SmallcapsGlow Map View 76x50 Zoom Use 0% Tactical HUD 1 Map Filters NONE Filters NONE Steam 1 RUN: 620d76e8-0f71-4207-b187-4f2b723d51c9